 Dungeon Crawl Stone Soup version 0.19-a0-593-gf2cdb02 (webtiles) character file.

56 Rainbowgamer28 the Ruffian (level 3, -2/31 HPs)
             Began as a Ghoul Wanderer on June 10, 2016.
             Was an Initiate of Hepliaklqana.
             Slain by a killer bee (5 damage)
             ... on level 3 of the Dungeon.
             The game lasted 00:10:39 (1380 turns).

Rainbowgamer28 the Ruffian (Ghoul Wanderer)         Turns: 1380, Time: 00:10:40

Health: -2/31      AC:  9    Str: 15    XL:     3   Next: 95%
Magic:  2/2        EV:  3    Int:  7    God:    Hepliaklqana [......]
Gold:   147        SH:  6    Dex:  9    Spells: 0 memorised, 2 levels left

rFire  . . .     SeeInvis .       - Unarmed
rCold  + . .     Gourm    .     t - +0 chain mail
rNeg   + + +     Faith    .     g - +0 shield
rPois  ∞         Spirit   .     (no helmet)
rElec  .         Dismiss  .     (no cloak)
rCorr  .         Reflect  .     (no gloves)
SustAt .         Harm     .     k - +0 pair of boots {Fly}
MR     .....                    (no amulet)
Stlth  ..........               (no ring)
                                (no ring)

@: flying, rotting, not resistant to hostile enchantments, extremely unstealthy
A: rotting body, claws 1, carnivore 3, cold resistance 1, negative energy
resistance 3, slow regeneration 1, torment resistance, unbreathing
a: Recall Ancestor, Ancestor Identity, Renounce Religion, Stop Flying


You were on level 3 of the Dungeon.
You worshipped Hepliaklqana.
Hepliaklqana was noncommittal.
You were not hungry.

You visited 1 branch of the dungeon, and saw 3 of its levels.

You collected 147 gold pieces.

Inventory:

Hand Weapons
 a - a +3 spear
Armour
 g - a +0 shield (worn)
 k - a +0 pair of boots of flying (worn)
 t - a +0 chain mail (worn)
Scrolls
 c - a scroll of noise {unknown}
 e - a scroll of magic mapping {unknown}
 h - a scroll of amnesia
 i - a scroll of teleportation {unknown}
 j - 2 scrolls of fear {unknown}
 m - 2 scrolls of identify {unknown}
 r - 2 scrolls of enchant weapon
 s - a scroll of random uselessness {unknown}
Potions
 b - 4 potions of curing
 f - a potion of berserk rage {unknown}
 n - a potion of lignification {unknown}
 o - 2 potions of heal wounds {unknown}
 p - a potion of invisibility {unknown}
 q - a potion of brilliance {unknown}
Comestibles
 d - 3 meat rations
 l - 5 chunks of flesh


   Skills:
 - Level 3.2 Fighting
 - Level 1.7 Polearms
   Level 1.0 Bows
 - Level 1.7 Armour
 - Level 1.1 Stealth
 + Level 3.7 Unarmed Combat
 - Level 1.0 Evocations


You had 2 spell levels left.
You didn't know any spells.

Dungeon Overview and Level Annotations

Branches:
Dungeon (3/15)

Altars:
Ashenzari
Hepliaklqana
Okawaru
Ru


Innate Abilities, Weirdness & Mutations

Your body is rotting away.
You thrive on raw meat.
You are immune to poison.
You have sharp fingernails.
You are carnivorous and can eat meat at any time.
Your flesh is cold resistant. (rC+)
You are immune to negative energy. (rN+++)
You regenerate slowly when monsters are visible.
You are immune to unholy pain and torment.
You can survive without breathing.


Message History

You block the killer bee's attack.
The killer bee stings you but does no damage.
The killer bee stings you. The killer bee stings you.
* * * LOW HITPOINT WARNING * * *
As you read the scroll labeled ZAWOGIELI, it crumbles to dust.
It is a scroll of amnesia.
You feel forgetful for a moment.
The killer bee stings you but does no damage.
The killer bee stings you.
* * * LOW HITPOINT WARNING * * *
As you read the scroll labeled APAEN FUNGOSUI, it crumbles to dust.
It is a scroll of enchant weapon.
Enchant which weapon? (? for menu, Esc to quit)
Your +2 spear glows red for a moment.
The killer bee stings you.
* * * LOW HITPOINT WARNING * * *
The killer bee stings you.
* * * LOW HITPOINT WARNING * * *
The killer bee stings you.
You die...

###### #.y@y# #.##y# #.
#y# #. #y# #. #y# ######
#. #.# .....##### ##.##.#
.........####...#s#######
.........................


You could see a scorpion and 6 killer bees.

Vanquished Creatures
  An ooze (D:3)
  A dart slug (D:1)
  2 giant geckos (D:1)
  4 orcs (D:3)
  2 giant cockroaches (D:1)
  4 goblins
  4 hobgoblins
  3 jackals (D:1)
  5 bats
  A giant newt (D:2)
  5 kobolds
  7 rats
39 creatures vanquished.

Vanquished Creatures (collateral kills)
  A goblin (D:3)
  A kobold (D:2)
2 creatures vanquished.

Vanquished Creatures (others)
  An ancestor (D:3)
1 creature vanquished.

Grand Total: 42 creatures vanquished

Notes
Turn   | Place    | Note
--------------------------------------------------------------
     0 | D:1      | Rainbowgamer28 the Ghoul Wanderer began the quest for the Orb.
     0 | D:1      | Rainbowgamer28 set off with: a +2 spear, a potion of curing, a +0 ring mail, a meat ration
     0 | D:1      | Reached XP level 1. HP: 19/19 MP: 0/0
    34 | D:1      | Reached skill level 1 in Unarmed Combat
    81 | D:1      | Reached XP level 2. HP: 23/26 MP: 1/1
   401 | D:1      | Reached XP level 3. HP: 22/31 MP: 2/2
   620 | D:2      | Found an iron altar of Okawaru.
   673 | D:2      | Found a shattered altar of Ashenzari.
   673 | D:2      | Found a sacrificial altar of Ru.
   872 | D:2      | Found a hazy altar of Hepliaklqana.
   875 | D:2      | Became a worshipper of Hepliaklqana
  1361 | D:3      | Noticed a killer bee
  1361 | D:3      | Noticed a killer bee
  1362 | D:3      | Noticed a killer bee
  1362 | D:3      | Noticed a killer bee
  1362 | D:3      | Noticed a scorpion
  1362 | D:3      | Noticed a killer bee
  1363 | D:3      | Noticed a killer bee
  1380 | D:3      | Slain by a killer bee

Vault maps used:
D:1:      minmay_arrival_three_doors, minmay_stone_trees_medium
D:2:      lemuel_doored_altar, okawaru_trees_1, grunt_temple_overflow_open
D:3:      minitemple

Skill      XL: |  1  2  3 |
---------------+----------+-----
Unarmed Combat | 1 2 3 |  3.7
Fighting       | |  3.2
Polearms       | |  1.7
Bows           | |  1.0
Armour         | |  1.7
Stealth        | |  1.1
Evocations     | |  1.0

Action                   || total
-------------------------++-------
Melee: Unarmed           ||   173
  Use: Scroll            ||     2
  Eat: Chunk             ||    17
Armor: Ring mail         ||    90
       Chain mail        ||     7
Dodge: Dodged            ||    79
Block: Shield            ||    46
